Dungeon Sprint DCSS version 0.16-a0-4004-g8d6611c (webtiles) character file.

22500000 PolkaDot the Axe Maniac (level 27, -170/247 (249) HPs) Began as a Formicid Monk on Feb 15, 2015. Was the Champion of Makhleb. Annihilated by a fleshlord ... wielding a +9 great mace (417 damage) ... in the Dungeon (Sprint VIII: "Arena of Blood"). The game lasted 00:10:35 (225 turns). PolkaDot the Axe Maniac (Formicid Monk) Turns: 225, Time: 00:10:35 HP: -170/247 (249)AC: 4 Str: 16 XL: 27 MP: 50/50 EV: 37 Int: 14 God: Makhleb [******] Gold: 0 SH: 0 Dex: 22 Spells: 0 memorised, 80 levels left rFire . . . SeeInvis + e - +∞ Axe of Woe rCold . . . Clarity . a - +0 robe rNeg . . . SustAb . (no shield) rPois . Gourm . (helmet unavailable) rElec . Spirit . (no cloak) rCorr . Warding . (no gloves) rMut . Stasis + (no boots) MR ++... (no amulet) Stlth +++++++++. (no ring) (no ring) @: very resistant to hostile enchantments, incredibly stealthy A: permanent stasis, dig shafts and tunnels, four strong arms, antennae 3 a: Dig, Minor Destruction, Lesser Servant of Makhleb, Major Destruction, Greater Servant of Makhleb, Renounce Religion You were in the Dungeon. You worshipped Makhleb. Makhleb was exalted by your worship. You were hungry. You visited 1 branch

Inventory:

Hand weapons
 e - the +∞ Axe of Woe (weapon)
   (You found it in the Dungeon)
Armour
 a - a +0 robe (worn)
Jewellery
 c - a +30 ring of slaying
 g - an uncursed ring of protection from fire
 h - a +30 ring of slaying
 i - a +30 ring of slaying
Potions
 f - 2 potions of magic
Comestibles
 b - a bread ration


   Skills:
 O Level 27 Fighting
 O Level 27 Axes
 O Level 27 Throwing
 O Level 27 Armour
 O Level 27 Dodging
 O Level 27 Stealth
 O Level 27 Unarmed Combat
 O Level 27 Spellcasting
 O Level 27 Invocations


You had 80 spell levels left.
You didn't know any spells.

Dungeon Overview and Level Annotations

Branches:
Dungeon (1/1)

Altars:
Makhleb


Innate Abilities, Weirdness & Mutations

You are under a permanent stasis effect.
You can dig through walls and to a lower floor.
Your four strong arms can wield two-handed weapons with a shield.
You have a pair of large antennae on your head (SInv).


Message History

You slice the meat berserker!!
You cleave the meat berserker in twain.
You kill the meat berserker!
Makhleb accepts your kill.
You feel a little better.
You hear a shout! x6
You hear a shout! x8
The meat beast completely misses you.
The meat beast tramples you but does no damage.
You hear a shout! x3
You hit the meat beast but do no damage.
You chop the meat beast into pieces.
You kill the meat beast!
Makhleb accepts your kill.
You feel a little better.
You hear a shout! x12
You hear a shout! x12
You hear a shout! x14
The fleshlord hits you with a +9 great mace!!!!!!
Ouch! That really hurt!
You die...

.... ...D. ....{W
#..pW{#
...W.{{{####
{{{{#{#.########
{{{{{##{).......#
{{{ ##.#p######
{{ { ##.#@# {{
##.## {{ ##.#
#.## { ##.# #.#
#.# #.# #.#


You could see a fleshlord.

Vanquished Creatures
  Harold (D)
  2 greater mummies (D)
  6 hell beasts (D)
  2 hill giants (D)
  A hydra (D)
  A lich (D)
  A molten gargoyle (D)
  27 ogres (D)
  53 orcs (D)
  3 phantoms (D)
  3 skeletal warriors (D)
  6 vampire knights (D)
  A wraith (D)
  A sea snake (D)
  A tentacled monstrosity (D)
  3 large abominations (D)
  7 small abominations (D)
  2 crawling corpses (D)
121 creatures vanquished.

Vanquished Creatures (others)
  A crawling corpse (D)
1 creature vanquished.

Grand Total: 122 creatures vanquished

Notes
Turn   | Place    | Note
--------------------------------------------------------------
     0 | D        | PolkaDot, the Formicid Monk, began the quest for the Orb.
     0 | D        | Reached XP level 1. HP: 18/18 MP: 1/1
     4 | D        | Became a worshipper of Makhleb the Destroyer
     4 | D        | Acquired Makhleb's first power
     4 | D        | Acquired Makhleb's second power
     5 | D        | Noticed a meat berserker
     5 | D        | Noticed a bag of meat
     7 | D        | Noticed a bag of meat
     8 | D        | Killed a bag of meat
     8 | D        | Reached skill level 24 in Axes
     8 | D        | Reached XP level 2. HP: 24/24 MP: 3/3
     8 | D        | Reached XP level 3. HP: 29/29 MP: 4/4
     8 | D        | Reached XP level 4. HP: 35/35 MP: 5/5
     8 | D        | Reached XP level 5. HP: 41/41 MP: 7/7
     8 | D        | Reached XP level 6. HP: 47/47 MP: 8/8
     8 | D        | Reached XP level 7. HP: 52/52 MP: 9/9
     8 | D        | Reached XP level 8. HP: 58/58 MP: 11/11
     8 | D        | Reached XP level 9. HP: 64/64 MP: 12/12
     8 | D        | Reached XP level 10. HP: 70/70 MP: 13/13
     8 | D        | Reached XP level 11. HP: 75/75 MP: 15/15
     9 | D        | Noticed a bag of meat
     9 | D        | Noticed a meat berserker
     9 | D        | Noticed a meat berserker
     9 | D        | Killed a meat berserker
     9 | D        | Reached skill level 27 in Axes
     9 | D        | Reached skill level 5 in Dodging
     9 | D        | Reached XP level 12. HP: 15/88 MP: 16/16
     9 | D        | Reached XP level 13. HP: 15/93 MP: 17/17
     9 | D        | Killed a meat berserker
     9 | D        | Acquired Makhleb's third power
    10 | D        | Noticed a bag of meat
    10 | D        | Noticed a bag of meat
    11 | D        | Noticed a bag of meat
    12 | D        | Killed a bag of meat
    12 | D        | Reached skill level 10 in Dodging
    12 | D        | Reached skill level 5 in Stealth
    12 | D        | Reached XP level 14. HP: 109/115 MP: 18/18
    13 | D        | Noticed a bag of meat
    13 | D        | Noticed a bag of meat
    13 | D        | Noticed a meat berserker
    14 | D        | Noticed a bag of meat
    15 | D        | Killed a meat berserker
    15 | D        | Acquired Makhleb's fourth power
    15 | D        | Reached XP level 15. HP: 120/125 MP: 19/19
    15 | D        | Killed a meat berserker
    15 | D        | Reached skill level 15 in Fighting
    15 | D        | Killed a bag of meat
    17 | D        | Noticed a meat berserker
    18 | D        | Killed a bag of meat
    18 | D        | Acquired Makhleb's fifth power
    18 | D        | Reached skill level 15 in Dodging
    18 | D        | Reached XP level 16. HP: 137/141 MP: 20/20
    19 | D        | Noticed a destroyer
    19 | D        | Noticed a meat berserker
    20 | D        | Noticed a meat berserker
    21 | D        | Noticed a bag of meat
    21 | D        | Noticed a meat berserker
    21 | D        | Noticed a meat berserker
    21 | D        | Killed a meat berserker
    21 | D        | Killed a destroyer
    21 | D        | Killed a bag of meat
    21 | D        | Reached XP level 17. HP: 152/155 MP: 21/21
    22 | D        | Noticed a bag of meat
    22 | D        | Noticed a bag of meat
    22 | D        | Noticed a bag of meat
    23 | D        | Noticed a bag of meat
    23 | D        | Noticed a meat berserker
    23 | D        | Killed a meat berserker
    23 | D        | Reached skill level 10 in Stealth
    23 | D        | Reached skill level 27 in Unarmed Combat
    23 | D        | Killed a meat berserker
    23 | D        | Killed a bag of meat
    23 | D        | Reached XP level 18. HP: 168/173 MP: 21/21
    24 | D        | Noticed a bag of meat
    24 | D        | Noticed a bag of meat
    24 | D        | Noticed a meat berserker
    24 | D        | Killed a meat berserker
    25 | D        | Noticed a bag of meat
    25 | D        | Killed a meat berserker
    25 | D        | Killed a bag of meat
    25 | D        | Reached skill level 27 in Fighting
    25 | D        | Killed a bag of meat
    25 | D        | Reached skill level 15 in Stealth
    25 | D        | Reached XP level 19. HP: 189/189 MP: 22/22
    27 | D        | Noticed a bag of meat
    27 | D        | Noticed a bag of meat
    27 | D        | Killed a bag of meat
    27 | D        | Killed a bag of meat
    27 | D        | Reached skill level 27 in Dodging
    27 | D        | Noticed a bag of meat
    28 | D        | Killed a bag of meat
    28 | D        | Killed a bag of meat
    28 | D        | Reached skill level 27 in Stealth
    29 | D        | Noticed a meat berserker
    29 | D        | Noticed a bag of meat
    29 | D        | Noticed a bag of meat
    29 | D        | Noticed a large bag of meat
    29 | D        | Killed a meat berserker
    29 | D        | Reached skill level 5 in Throwing
    29 | D        | Reached XP level 20. HP: 197/197 MP: 22/33
    29 | D        | Killed a meat berserker
    29 | D        | Reached skill level 10 in Armour
    30 | D        | Noticed a bag of meat
    30 | D        | Noticed a bag of meat
    30 | D        | Killed a bag of meat
    30 | D        | Killed a bag of meat
    30 | D        | Reached skill level 15 in Invocations
    31 | D        | Noticed a bag of meat
    31 | D        | Killed a bag of meat
    31 | D        | Reached skill level 15 in Armour
    32 | D        | Noticed a bag of meat
    32 | D        | Killed a bag of meat
    32 | D        | Reached skill level 15 in Spellcasting
    32 | D        | Reached XP level 21. HP: 204/204 MP: 22/41
    33 | D        | Noticed a sculptor of flesh
    33 | D        | Noticed a bag of meat
    33 | D        | Noticed a bag of meat
    33 | D        | Killed a bag of meat
    33 | D        | Killed a bag of meat
    33 | D        | Reached skill level 15 in Throwing
    34 | D        | Killed a bag of meat
    34 | D        | Killed a meat berserker
    34 | D        | Killed a bag of meat
    35 | D        | Noticed a bag of meat
    35 | D        | Killed a large bag of meat
    35 | D        | Reached XP level 22. HP: 212/212 MP: 23/45
    35 | D        | Killed a bag of meat
    37 | D        | Noticed a destroyer
    37 | D        | Killed a bag of meat
    38 | D        | Noticed a sculptor of flesh
    38 | D        | Killed a bag of meat
    39 | D        | Killed a bag of meat
    39 | D        | Killed a bag of meat
    39 | D        | Reached skill level 27 in Invocations
    40 | D        | Killed a destroyer
    40 | D        | Reached XP level 23. HP: 219/219 MP: 24/47
    41 | D        | Noticed The Servant
    41 | D        | Killed a bag of meat
    41 | D        | Reached skill level 27 in Armour
    41 | D        | Killed a bag of meat
    43 | D        | Noticed a bag of meat
    43 | D        | Noticed a sculptor of flesh
    44 | D        | Noticed a destroyer
    44 | D        | Killed The Servant
    44 | D        | Reached skill level 27 in Spellcasting
    44 | D        | Killed a bag of meat
    45 | D        | Noticed a meat berserker
    45 | D        | Noticed a destroyer
    46 | D        | Noticed a bag of meat
    46 | D        | Noticed an accursed
    46 | D        | Killed a sculptor of flesh
    46 | D        | Reached skill level 27 in Throwing
    47 | D        | Noticed a destroyer
    47 | D        | Killed a destroyer
    48 | D        | Killed a bag of meat
    48 | D        | Reached XP level 24. HP: 227/227 MP: 26/49
    48 | D        | Noticed a bag of meat
    49 | D        | Killed a bag of meat
    49 | D        | Killed a destroyer
    50 | D        | Killed a sculptor of flesh
    50 | D        | Killed a sculptor of flesh
    51 | D        | Noticed a bag of meat
    51 | D        | Noticed a meat berserker
    51 | D        | Killed a meat berserker
    52 | D        | Noticed a bag of meat
    53 | D        | Noticed a tyrant
    53 | D        | Killed a bag of meat
    53 | D        | Killed a destroyer
    53 | D        | Reached XP level 25. HP: 234/234 MP: 27/49
    55 | D        | Noticed a bag of meat
    55 | D        | Killed a bag of meat
    56 | D        | Noticed a bag of meat
    56 | D        | Noticed a bag of meat
    56 | D        | Noticed a bag of meat
    56 | D        | Noticed a bag of meat
    58 | D        | Killed a meat berserker
    58 | D        | Killed a bag of meat
    59 | D        | Noticed a bag of meat
    60 | D        | Noticed a meat berserker
    60 | D        | Noticed an accursed
    60 | D        | Killed a tyrant
    61 | D        | Noticed a large bag of meat
    61 | D        | Noticed a bag of meat
    61 | D        | Killed a bag of meat
    61 | D        | Killed an accursed
    62 | D        | Noticed a bag of meat
    62 | D        | Killed an accursed
    63 | D        | Noticed a meat berserker
    64 | D        | Noticed a meat beast
    66 | D        | Noticed a bag of meat
    66 | D        | Noticed a meat berserker
    66 | D        | Noticed a meat berserker
    68 | D        | Noticed a bag of meat
    68 | D        | Noticed a bag of meat
    68 | D        | Noticed a bag of meat
    68 | D        | Killed a meat berserker
    68 | D        | Reached XP level 26. HP: 241/241 MP: 31/50
    68 | D        | Killed a bag of meat
    69 | D        | Killed a bag of meat
    69 | D        | Killed a bag of meat
    69 | D        | Killed a meat berserker
    69 | D        | Noticed a meat beast
    70 | D        | Noticed a bag of meat
    70 | D        | Killed a meat beast
    70 | D        | Killed a meat berserker
    70 | D        | Killed a bag of meat
    71 | D        | Noticed a meat beast
    71 | D        | Killed a bag of meat
    71 | D        | Killed a meat berserker
    71 | D        | Reached XP level 27. HP: 248/248 MP: 31/50
    71 | D        | Killed a meat beast
    72 | D        | Noticed a meat berserker
    73 | D        | Killed a meat beast
    73 | D        | Killed a bag of meat
    73 | D        | Killed a large bag of meat
    74 | D        | Noticed a bag of meat
    74 | D        | Noticed a meat berserker
    75 | D        | Noticed a meat beast
    75 | D        | Killed a bag of meat
    76 | D        | Noticed a bag of meat
    76 | D        | Noticed a dread
    76 | D        | Killed a bag of meat
    76 | D        | Killed a bag of meat
    76 | D        | Killed a meat berserker
    77 | D        | Killed a bag of meat
    77 | D        | Killed a bag of meat
    77 | D        | Noticed a bag of meat
    78 | D        | Noticed a bag of meat
    78 | D        | Killed a meat beast
    79 | D        | Noticed a bag of meat
    79 | D        | Killed a bag of meat
    80 | D        | Noticed a meat berserker
    80 | D        | Noticed a wretched soul
    80 | D        | Noticed a meat beast
    81 | D        | Noticed a meat berserker
    81 | D        | Killed a meat berserker
    82 | D        | Killed a meat beast
    82 | D        | Killed a dread
    83 | D        | Noticed a bag of meat
    84 | D        | Killed a bag of meat
    84 | D        | Killed a bag of meat
    85 | D        | Noticed a meat berserker
    85 | D        | Killed a wretched soul
    85 | D        | Noticed a destroyer
    86 | D        | Noticed a wretched soul
    86 | D        | Killed a bag of meat
    86 | D        | Killed a meat berserker
    88 | D        | Killed a meat berserker
    88 | D        | Killed a bag of meat
    88 | D        | Killed a destroyer
    89 | D        | Noticed a meat berserker
    89 | D        | Killed a bag of meat
    90 | D        | Killed a meat berserker
    92 | D        | Killed a bag of meat
    92 | D        | Killed a wretched soul
    95 | D        | Noticed a bag of meat
    96 | D        | Killed a meat berserker
    97 | D        | Noticed a tyrant
    99 | D        | Noticed an observer
    99 | D        | Noticed a wretched soul
   100 | D        | Noticed a tyrant
   100 | D        | Noticed a bag of meat
   102 | D        | HP: 11/247 [tyrant/the air (38)]
   137 | D        | Noticed a meat berserker
   137 | D        | Noticed a wretched soul
   137 | D        | Noticed a bag of meat
   138 | D        | Noticed a meat berserker
   141 | D        | Killed a meat berserker
   143 | D        | Killed a meat berserker
   146 | D        | Noticed a scourge
   146 | D        | Killed a bag of meat
   147 | D        | Killed a wretched soul
   149 | D        | Killed a scourge
   216 | D        | Noticed a bag of meat
   216 | D        | Noticed a bag of meat
   216 | D        | Noticed a bag of meat
   216 | D        | Noticed a dread
   216 | D        | Noticed a meat beast
   216 | D        | Noticed a fleshlord
   216 | D        | Noticed a wretched soul
   216 | D        | Noticed a vile
   216 | D        | Noticed a dread
   219 | D        | Noticed a meat berserker
   220 | D        | Killed a vile
   221 | D        | Killed a meat berserker
   223 | D        | Killed a meat beast
   225 | D        | Annihilated by a fleshlord

Action                   |  1- 3 |  4- 6 |  7- 9 | 10-12 | 13-15 | 16-18 | 19-21 | 22-24 | 25-27 || total
-------------------------+-------+-------+-------+-------+-------+-------+-------+-------+-------++-------
Melee: Executioner's axe |     1 |       |       |     1 |     3 |     4 |     9 |    14 |    36 ||    68
 Abil: Dig               |     1 |       |       |       |       |       |       |       |     5 ||     6
  Use: Potion            |       |       |       |       |       |       |       |       |     2 ||     2
  Eat: Chunk             |       |       |       |       |       |       |       |       |     2 ||     2
